 Dungeon Crawl Stone Soup version 0.21.1-1-g345015f (webtiles) character file.

33 letownia2 the Conjurer (level 3, 0/19 HPs)
             Began as a Tengu Wizard on Mar 5, 2018.
             Succumbed to an adder's poison
             ... on level 4 of the Dungeon.
             The game lasted 00:02:20 (659 turns).

letownia2 the Conjurer (Tengu Wizard)                Turns: 659, Time: 00:02:22

Health: 0/19       AC:  2    Str:  7    XL:     3   Next: 29%
Magic:  8/8        EV: 15    Int: 24    God:
Gold:   40         SH:  0    Dex: 12    Spells: 2/8 levels left

rFire    . . .     SeeInvis +   (no weapon)
rCold    . . .     Gourm    .   (no shield)
rNeg     . . .     Faith    .   a - +0 robe
rPois    .         Spirit   .   b - +0 hat
rElec    .         Reflect  .   (no cloak)
rCorr    .         Harm     +   (no gloves)
MR       .....                  (boots unavailable)
Stlth    ++........             e - amulet of harm
HPRegen  0.06/turn              j - ring of see invisible
MPRegen  0.11/turn              (no ring)

@: brilliant, lethally poisoned (0 -> -2), flying quickly and evasively, quick
A: beak, talons 3
a: no special abilities


You were on level 4 of the Dungeon.
You were not hungry.

You visited 1 branch of the dungeon, and saw 4 of its levels.

You collected 40 gold pieces.

Inventory:

Armour
 a - a +0 robe (worn)
 b - a +0 hat (worn)
Jewellery
 e - an amulet of harm (around neck)
 j - a ring of see invisible (left hand)
Scrolls
 h - a scroll of fog {unknown}
Potions
 g - a potion of flight
Books
 c - a book of Minor Magic

   Spells                             Type                      Level
   a - Magic Dart                     Conjuration                  1
   b - Blink                          Translocation                2
   c - Call Imp                       Summoning                    2
   d - Slow                           Hexes                        2
   e - Conjure Flame                  Conjuration/Fire             3
   f - Mephitic Cloud                 Conjuration/Poison/Air       3
Comestibles
 d - 2 rations


   Skills:
 - Level 2.1 Dodging
 - Level 2.0 Stealth
 - Level 3.0 Spellcasting
 + Level 4.0 Conjurations
 - Level 1.2 Summonings
   Level 0.7 Translocations
 + Level 0.9 Air Magic


You had 2 spell levels left.
You knew the following spells:

 Your Spells              Type           Power        Failure   Level  Hunger
a - Magic Dart            Conj           ####         1%          1    None
e - Mephitic Cloud        Conj/Pois/Air  ####....     1%          3    ###....
i - Call Imp              Summ           ###.....     1%          2    ##.....


Dungeon Overview and Level Annotations

Branches:
Dungeon (4/15)
 Temple: D:4-7

Altars:


Innate Abilities, Weirdness & Mutations

You have a beak for a mouth.
You have claws for feet.


Message History

Unknown command.
There is a lethal amount of poison in your body!
There is a lethal amount of poison in your body!
Unknown command.
There is a lethal amount of poison in your body!
Unknown command.
There is a lethal amount of poison in your body!
Unknown command.
There is a lethal amount of poison in your body!
Unknown command.
Unknown command.
Unknown command.
Unknown command.
Unknown command.
* * * LOW HITPOINT WARNING * * *
You feel sick.
Unknown command.
Unknown command.
Unknown command.
You die...

#.###........#
#.#.#...#.#.#
#.#......#.#
#######.##.....#>#
#.......##..#..#.#
.#
#.......##.......##
.O
#.......#####..##..
#.### #.......#
#...... ...
#.@.....# #.###..
##.###.......# ..#
### #.......(....#
#.## #..###.#######
#. #.. #.# #. #..
#.# #.# #.# #. #.#
#. ...


There were no monsters in sight!

Vanquished Creatures
  2 adders (D:4)
  A ball python (D:3)
  2 giant cockroaches (D:1)
  2 goblins (D:3)
  4 hobgoblins
  A bat (D:3)
  A frilled lizard (D:4)
  A kobold (D:1)
  A leopard gecko skeleton (D:4)
15 creatures vanquished.

Notes
Turn   | Place    | Note
-------+----------+-------------------------------------------
     0 | D:1      | letownia2 the Tengu Wizard began the quest for the Orb.
     0 | D:1      | Reached XP level 1. HP: 10/10 MP: 5/5
    47 | D:1      | Reached skill level 2 in Conjurations
   176 | D:3      | Reached XP level 2. HP: 15/15 MP: 2/7
   189 | D:3      | Learned a level 2 spell: Call Imp
   295 | D:3      | Reached skill level 3 in Conjurations
   498 | D:4      | Reached XP level 3. HP: 19/19 MP: 2/8
   503 | D:4      | Learned a level 3 spell: Mephitic Cloud
   633 | D:4      | Reached skill level 4 in Conjurations
   640 | D:4      | Noticed an ogre
   659 | D:4      | Succumbed to an adder's poison

Skill      XL: |  1  2  3 |
---------------+----------+-----
Conjurations   | 2 3 4 |  4.0
Dodging        | |  2.1
Stealth        | |  2.0
Spellcasting   | |  3.0
Summonings     | |  1.2
Translocations | |  0.7
Air Magic      | |  0.9

Action                   || total
-------------------------++-------
Melee: Unarmed           ||    18
       Kick              ||     4
       Peck              ||     1
 Cast: Magic Dart        ||    40
  Use: Potion            ||     3
Armor: Robe              ||     8
Dodge: Dodged            ||    14
